Map: New Gettysburg LE

Players

징징이

  • Race: Terran Terran
  • League: Diamond

테란 - Winner!

  • Race: Zerg Zerg
  • League: Diamond

VOD

Have the link to the VOD?

Description

Time

  • Played on: July 29, 2016, 5:33 a.m.
  • Length: 18:19
Show
View Real Time Build Order
Export as new Build Order

징징이 Terran 

Build Orders: MMM Bio 

Get SALT Encoding   

  12  0:01  SCV  
  13  0:13  SCV  
  14  0:20  Supply Depot  
  15  0:33  SCV  
  15  0:42  Barracks  
  15  0:45  SCV  
  16  0:56  Barracks  
  16  0:57  SCV  
  17  1:09  SCV  
  18  1:21  SCV  
  19  1:30  Supply Depot  
  19  1:31  Marine  
  20  1:33  Orbital Command  
  20  1:36  Refinery  
  20  1:44  Marine  
  21  1:56  Marine  
  21  2:00  SCV  
  23  2:02  Marine  
  24  2:13  SCV  
  24  2:14  Command Center  
  25  2:16  Marine  
  26  2:25  Marine, SCV  
  28  2:34  Marine  
  29  2:37  SCV  
  31  2:49  SCV  
  31  2:50  Factory  
  30  2:52  Marine  
  30  2:57  Barracks Reactor  
  31  2:59  Refinery  
  31  3:01  Supply Depot  
  31  3:09  Supply Depot  
  31  3:22  SCV, Marine  
  33  3:27  Orbital Command  
  33  3:29  Bunker  
  33  3:44  Marine  
  33  3:46  Barracks Tech Lab  
  33  3:48  SCV  
  35  3:51  Hellion x2  
  39  4:02  Marine  
  40  4:09  Stimpack, SCV  
  41  4:11  SCV  
  41  4:12  Hellion  
  41  4:13  Hellion  
  41  4:14  Starport  
  46  4:22  Engineering Bay, Marine, SCV  
  46  4:23  SCV  
  49  4:34  Widow Mine x2, SCV  
  49  4:35  SCV  
  55  4:40  Marine x2  
  57  4:46  SCV  
  57  4:47  Engineering Bay  
  58  4:52  Medivac  
  58  4:54  SCV  
  58  4:57  Marine  
  62  5:16  SCV x2, Supply Depot, Widow Mine x2, Marine x2  
  62  5:17  Supply Depot  
  70  5:33  SCV  
  70  5:34  Marine x2  
  69  5:40  Starport Reactor  
  69  5:41  SCV  
  70  5:43  Terran Infantry Weapons Level 1, Terran Infantry Armor Level 1  
  70  5:45  SCV  
  71  5:51  Marine x2  
  71  5:53  SCV  
  74  5:57  SCV  
  75  6:05  SCV  
  75  6:06  Refinery  
  75  6:07  Refinery  
  75  6:09  Marine x2, SCV  
  75  6:10  Widow Mine, Combat Shields  
  81  6:17  SCV  
  82  6:18  Supply Depot  
  82  6:19  Supply Depot  
  82  6:27  Marine  
  84  6:35  SCV x2  
  84  6:36  Medivac x2  
  87  6:42  Hellion x2  
  87  6:45  Barracks Reactor, Marine  
  92  6:47  SCV x2  
  92  6:49  Armory  
  86  7:03  Hellion, Marine  
  86  7:04  Hellion  
  91  7:10  Medivac x2  
  95  7:20  Marine  
  96  7:25  Hellion, Marine x2  
  95  7:38  Marine  
  92  7:50  Marine x2  
  79  7:52  Liberator x2  
  79  7:54  Missile Turret  
  79  7:56  Marine  
  68  8:08  Marine x2  
  68  8:11  Barracks x2  
  76  8:13  Barracks  
  76  8:14  Marine  
  77  8:24  Command Center  
  77  8:25  Marine  
  77  8:26  Marine  
  79  8:32  Marauder  
  79  8:33  Command Center  
  81  8:35  Liberator  
  81  8:43  Marine x2  
  81  8:45  Terran Infantry Weapons Level 2  
  81  8:46  Terran Infantry Armor Level 2  
  83  8:54  Hellbat x2, Marauder  
  92  9:01  Marine x2  
  94  9:05  Barracks Reactor  
  94  9:06  Barracks Reactor x2  
  92  9:14  Marine  
  92  9:15  Hellbat  
  92  9:19  Marine x2  
  93  9:32  Marine  
  93  9:34  Medivac  
  93  9:35  Widow Mine  
  93  9:36  Widow Mine  
  93  9:37  SCV, Marine x2  
  103  9:43  Planetary Fortress  
  103  9:48  Marine x2  
  103  9:50  Marine  
  106  9:55  Marine  
  106  9:56  Marine x3  
  110  10:04  Widow Mine  
  110  10:06  Marine x2  
  113  10:08  Marauder  
  113  10:12  Marine  
  113  10:13  Marine  
  109  10:16  Marine x2  
  94  10:24  Marine x2  
  92  10:30  Medivac x2, Marine, Marauder  
  92  10:31  Marine  
  92  10:34  Marine x2  
  102  10:41  Marine  
  102  10:42  Marine  
  103  10:48  Marine  
  103  10:49  Marine  
  105  10:51  Marine, Marauder  
  105  10:52  Orbital Command, Marine  
  105  10:53  SCV x2  
  111  10:59  Marine  
  111  11:00  Marine  
  111  11:01  Medivac  
  115  11:05  SCV x2  
  115  11:06  Marine x3  
  115  11:07  Marine  
  115  11:09  Marine x2  
  123  11:13  Marauder  
  123  11:17  Marine x2  
  127  11:24  Marine x3  
  127  11:25  Marine  
  131  11:27  Marine x2  
  133  11:34  Marauder  
  133  11:35  Marine x2  
  133  11:39  SCV  
  138  11:41  Marine  
  138  11:44  Marine  
  140  12:10  Marine  
  140  12:11  Marine  
  140  12:12  Marine x4  
  140  12:13  Marine  
  140  12:14  SCV  
  139  12:16  Medivac  
  139  12:18  Marauder  
  140  12:25  Medivac  
  140  12:26  Marine, SCV  
  140  12:28  Marine  
  140  12:29  Marine x2  
  129  12:38  Marine  
  129  12:39  Marauder, Marine x3  
  119  12:44  Marine  
  105  12:53  Marine  
  105  12:55  Marine x2  
  105  12:56  Marine x3  
  105  12:57  Medivac  
  113  12:59  Medivac  
  113  13:00  Terran Infantry Armor Level 3  
  113  13:01  Terran Infantry Weapons Level 3, Marauder  
  117  13:11  SCV x2  
  119  13:15  Refinery  
  119  13:18  Marine x2, Terran Vehicle And Ship Armor Level 1  
  119  13:19  Marine x4  
  125  13:22  Marauder  
  127  13:27  Medivac  
  120  13:43  Marauder  
  118  13:50  Marine x2  
  118  13:55  Marine  
  109  14:00  Marine  
  109  14:01  Marine x4  
  105  14:03  SCV  
  105  14:05  Marauder  
  105  14:07  Barracks, Marine  
  105  14:08  Barracks, Marine  
  105  14:09  Barracks  
  110  14:11  Viking x2  
  110  14:12  SCV  
  110  14:13  Marine  
  116  14:18  Marine x3  
  116  14:20  Marine x2  
  115  14:25  Marine  
  115  14:26  Marauder  
  115  14:28  Marine  
  115  14:31  Marine  
  119  14:36  Marine x3  
  119  14:37  SCV x2  
  119  14:38  Marine, SCV x2  
  127  14:41  Viking x2  
  131  14:47  Marauder  
  131  14:51  Marine x3  
  131  14:52  Marine  
  137  14:54  Marine x2  
  137  14:55  Marine  
  140  15:01  Barracks Tech Lab  
  140  15:02  Barracks Tech Lab  
  140  15:04  Barracks Tech Lab  
  140  15:06  Refinery  
  140  15:14  Starport  
  140  15:15  Starport  
  140  15:16  Starport  
  140  15:17  Supply Depot  
  140  15:19  Supply Depot x2  
  140  15:20  Supply Depot  
  140  15:21  Marine  
  140  15:23  Viking, Supply Depot  
  140  15:24  Supply Depot, Marine  
  140  15:25  Supply Depot, Marine  
  140  15:26  Viking, Marine  
  139  15:29  Marauder  
  128  15:38  Marauder  
  128  15:39  Marauder x2  
  131  15:43  Liberator  
  124  15:50  Marauder  
  130  16:00  Marauder x3  
  136  16:11  Marauder  
  135  16:21  Marauder x3  
  137  16:33  Marauder  
  137  16:36  Liberator x2  
  139  16:43  Marauder x2  
  124  17:01  Marine  
  125  17:05  Marauder  
  127  17:23  Marauder  
  127  17:24  Marauder x2  
  127  17:27  Marauder  
  141  17:45  Marauder x2  
  141  17:46  Marauder  
  141  17:48  Marauder  
Show
View Real Time Build Order
Export as new Build Order

테란 Zerg - Winner!

Build Orders: Hatch First 

Get SALT Encoding   

  12  0:01  Drone  
  13  0:13  Overlord  
  13  0:18  Drone  
  14  0:31  Drone x2  
  16  0:35  Drone  
  17  0:54  Hatchery  
  17  0:56  Drone  
  17  1:01  Extractor  
  17  1:02  Drone  
  17  1:17  Spawning Pool  
  16  1:20  Drone  
  16  1:24  Drone  
  18  1:31  Drone  
  19  1:39  Overlord  
  19  2:04  Queen  
  19  2:06  Zergling x2  
  19  2:07  Queen  
  24  2:09  Zergling x2  
  24  2:10  Metabolic Boost  
  24  2:13  Drone  
  26  2:16  Drone  
  27  2:34  Drone x4  
  31  2:39  Overlord  
  31  2:44  Queen  
  31  2:50  Pneumatized Carapace  
  32  3:03  Spine Crawler  
  32  3:04  Drone  
  32  3:05  Drone x3  
  35  3:15  Drone x3  
  38  3:23  Queen  
  40  3:36  Overlord  
  40  3:37  Drone x3  
  43  3:53  Overlord  
  43  3:57  Overlord  
  43  4:02  Hatchery  
  42  4:10  Overlord  
  42  4:11  Queen  
  42  4:16  Overlord  
  44  4:17  Drone  
  44  4:18  Drone x4  
  44  4:22  Drone x2  
  44  4:23  Drone  
  52  4:27  Queen  
  52  4:31  Drone x2  
  56  4:36  Evolution Chamber  
  56  4:38  Drone x3, Evolution Chamber  
  55  4:44  Overlord  
  57  4:50  Roach Warren  
  56  4:58  Zergling x10  
  60  5:09  Zerg Ground Armor Level 1, Zerg Missile Weapons Level 1  
  60  5:12  Zergling x2  
  60  5:13  Zergling x8  
  65  5:21  Drone x2  
  67  5:26  Overlord x2  
  67  5:30  Roach  
  67  5:31  Roach x2  
  72  5:38  Drone x4  
  72  5:39  Drone  
  72  5:42  Extractor  
  76  5:44  Extractor  
  76  5:45  Extractor, Drone x2  
  76  5:49  Lair  
  76  5:53  Extractor  
  75  5:57  Extractor  
  75  6:00  Drone x11  
  75  6:01  Drone  
  75  6:04  Overlord  
  86  6:08  Drone  
  82  6:28  Spore Crawler  
  82  6:32  Spore Crawler, Drone  
  71  6:33  Drone x4  
  71  6:37  Spore Crawler  
  71  6:38  Spine Crawler, Drone x3  
  71  6:39  Drone x2  
  78  6:45  Drone  
  78  6:46  Drone x6  
  85  6:56  Drone x4  
  85  6:59  Glial Reconstitution  
  83  7:02  Drone x2  
  83  7:08  Overlord  
  85  7:12  Roach  
  85  7:13  Roach  
  85  7:14  Hatchery  
  88  7:20  Ravager  
  88  7:21  Ravager x2  
  91  7:23  Roach x3  
  91  7:24  Roach x2  
  91  7:29  Roach x2  
  104  7:32  Overseer  
  104  7:33  Roach x3  
  104  7:34  Roach  
  109  7:39  Roach  
  109  7:42  Roach  
  109  7:43  Roach  
  111  7:48  Roach  
  111  7:49  Roach x2  
  111  7:51  Roach  
  108  7:56  Roach x2  
  110  8:00  Queen x3  
  110  8:04  Overseer  
  116  8:09  Infestation Pit, Ravager x3  
  116  8:10  Ravager x4  
  122  8:15  Overlord x4  
  122  8:28  Zerg Ground Armor Level 2, Zerg Missile Weapons Level 2  
  122  8:31  Overseer  
  122  8:36  Spore Crawler  
  119  8:47  Roach x2  
  119  8:48  Roach x10  
  143  8:50  Ravager x2  
  143  8:52  Ravager  
  143  8:55  Drone x4  
  150  9:02  Pathogen Glands  
  150  9:11  Roach  
  150  9:12  Overlord  
  150  9:13  Overlord x4  
  146  9:23  Zergling x12  
  152  9:34  Hive  
  152  9:36  Burrow  
  152  9:42  Extractor  
  152  9:44  Extractor  
  150  9:46  Drone  
  150  9:47  Drone x10  
  161  9:56  Roach x4, Hatchery  
  168  10:04  Zergling x6  
  168  10:05  Zergling x8  
  144  10:46  Zerg Melee Weapons Level 1  
  144  10:47  Adrenal Glands  
  144  10:52  Spire  
  144  10:53  Ultralisk Cavern  
  142  10:57  Spore Crawler  
  142  10:58  Spine Crawler  
  142  10:59  Spore Crawler  
  142  11:00  Spine Crawler x2  
  137  11:08  Overlord  
  137  11:12  Extractor  
  137  11:14  Extractor  
  137  11:17  Zerg Ground Armor Level 3  
  135  11:19  Tunneling Claws  
  135  11:32  Zergling x22  
  146  11:33  Zergling x4  
  146  11:35  Infestor x2  
  146  11:36  Infestor x2  
  157  11:47  Drone  
  157  11:48  Drone x3  
  160  12:07  Greater Spire, Chitinous Plating  
  160  12:15  Roach x8, Spore Crawler  
  155  12:16  Roach x18, Spore Crawler  
  173  12:29  Roach  
  179  12:30  Roach x6  
  173  13:01  Overlord x4  
  173  13:02  Overlord  
  173  13:08  Hatchery  
  173  13:12  Drone x2  
  174  13:13  Corruptor  
  176  13:21  Zerg Flyer Armor Level 1, Corruptor x3  
  182  13:27  Roach x7  
  163  13:53  Roach x9  
  163  13:55  Ultralisk x4  
  169  14:28  Ultralisk x5  
  195  14:37  Drone x2  
  195  14:38  Drone x3  
  190  14:39  Roach x22  
  190  14:42  Zerg Melee Weapons Level 2  
  186  14:48  Brood Lord x2  
  190  15:00  Ravager x8  
  190  15:01  Ravager x2  
  200  15:12  Extractor  
  200  15:13  Zerg Missile Weapons Level 3  
  183  15:35  Zergling x2  
  183  15:36  Zergling x32  
  196  15:45  Zergling x2  
  196  15:46  Zergling x6  
  180  16:06  Ultralisk x3  
  192  16:21  Drone  
  192  16:22  Drone x2  
  192  16:23  Spire  
  194  16:33  Drone x2  
  192  16:59  Spire  
  191  17:02  Overlord  
  191  17:03  Overlord  
  191  17:05  Baneling Nest, Overseer x2  
  190  17:09  Hatchery  
  190  17:10  Infestor  
  190  17:12  Overlord  
  190  17:14  Hatchery  
  190  17:32  Spine Crawler  
  190  17:33  Spore Crawler x2, Spine Crawler x2, Drone x3  
  190  17:34  Spore Crawler  
Tags
 
Add a new tag
Caveats
  • Supply blocks, unpowered buildings, or Contaminate may cause inaccurate times.
  • Supply counts are checked every 10 seconds.